| TOP OF THE 1ST |
|
Connecticut Tigers batting - Pitching for Vermont Lake Monsters : RHP Terry Evans
|
|
Pitching: RHP Terry Evans
|
|
|
Batting: RHB Seth Fox
|
0-0: Ball 1-0: Foul Ball, location: 2F 1-1: Foul Ball, location: 2F 1-2: Ball 2-2: Ball 3-2: Foul Ball, location: 2F 3-2: Foul Ball, location: 2F 3-2: Foul Ball, location: 2F 3-2: Foul Ball, location: 2F 3-2: Strikes out swinging
|
|
Batting: RHB Tony Nunez
|
0-0: Ball 1-0: DOUBLE (Flyball, 78D, EV 110.6 MPH)
|
|
Batting: LHB Jon Pedlar
|
0-0: Ball 1-0: Foul Ball, location: 2F 1-1: Ball 2-1: Foul Ball, location: 2F 2-2: Strikes out swinging
|
|
Batting: SHB Ronnie Lundy
|
0-0: Called Strike 0-1: Ball 1-1: Foul Ball, location: 2F 1-2: Ball 2-2: Foul Ball, location: 2F 2-2: Foul Ball, location: 2F 2-2: SINGLE (Groundball, 3D, EV 103.8 MPH) Tony Nunez to third Runner from 3rd tries for Home, SAFE, throw by RF to home
|
|
Batting: RHB Yaremka Rzhevsky
|
0-0: Called Strike Ronnie Lundy steals 2nd base 0-1: Ball 1-1: Ball 2-1: Foul Ball, location: 2F 2-2: Foul Ball, location: 2F 2-2: Ground out 5-3 (Groundball, 56, EV 103.8 MPH)
|
| Top of the 1st over - 1 run, 2 hits, 0 errors, 1 left on base; Connecticut 1 - Vermont 0 |
| BOTTOM OF THE 1ST |
|
Vermont Lake Monsters batting - Pitching for Connecticut Tigers : LHP Jim Belcher
|
|
Pitching: LHP Jim Belcher
|
|
|
Batting: RHB Alberto Malagon
|
0-0: Ball 1-0: Ball 2-0: Ground out 6-3 (Groundball, P, EV 83.8 MPH)
|
|
Batting: RHB Scott Lister
|
0-0: Foul Ball, location: 2F 0-1: Ball 1-1: Fly out, F9 (Flyball, 9, EV 88.1 MPH)
|
|
Batting: RHB Tetsuya Shinoda
|
0-0: Called Strike 0-1: SINGLE (Line Drive, 9LS, EV 108.1 MPH)
|
|
Batting: RHB Ryan Jennings
|
0-0: Foul Ball, location: 2F 0-1: Ball 1-1: Foul Ball, location: 2F 1-2: Ball 2-2: Ball 3-2: Foul Ball, location: 2F 3-2: Base on Balls Tetsuya Shinoda to second
|
|
Batting: RHB Todd Vanasco
|
0-0: Swinging Strike 0-1: Ball 1-1: Ball 2-1: Called Strike 2-2: Foul Ball, location: 2F 2-2: Strikes out swinging
|
| Bottom of the 1st over - 0 runs, 1 hit, 0 errors, 2 left on base; Connecticut 1 - Vermont 0 |
| TOP OF THE 2ND |
|
Connecticut Tigers batting - Pitching for Vermont Lake Monsters : RHP Terry Evans
|
|
Batting: LHB Ryan Adams
|
0-0: Ball 1-0: Called Strike 1-1: Foul Ball, location: 2F 1-2: Strikes out swinging
|
|
Batting: SHB Isaiah Bias
|
0-0: Ball 1-0: SINGLE (Groundball, 6MS, EV 68.8 MPH) (infield hit)
|
|
Batting: RHB Dustin Bursell
|
0-0: Grounds into double play, 6-4-3 (Groundball, 6, EV 100.6 MPH)
|
| Top of the 2nd over - 0 runs, 1 hit, 0 errors, 0 left on base; Connecticut 1 - Vermont 0 |
| BOTTOM OF THE 2ND |
|
Vermont Lake Monsters batting - Pitching for Connecticut Tigers : LHP Jim Belcher
|
|
Batting: SHB Mike Kirk
|
0-0: Ball 1-0: Ball 2-0: Called Strike 2-1: Called Strike 2-2: Fly out, F7 (Flyball, 7D, EV 99.4 MPH)
|
|
Batting: LHB Felipe Gomez
|
0-0: Ball 1-0: Ball 2-0: Foul Ball, location: 2F 2-1: Ball 3-1: Base on Balls
|
|
Batting: SHB Matt Sybrant
|
0-0: Called Strike Felipe Gomez steals 2nd, throwing error, E2 Felipe Gomez to third 0-1: Ball 1-1: Foul Ball, location: 2F 1-2: DOUBLE (Groundball, 5L, EV 102.5 MPH) Felipe Gomez scores
|
|
Batting: SHB Berthold Frey
|
0-0: Ball 1-0: Ball 2-0: SINGLE (Groundball, 5S, EV 66.9 MPH) (infield hit) Matt Sybrant to third
|
|
Batting: RHB Alberto Malagon
|
0-0: Called Strike 0-1: Ball 1-1: Swinging Strike 1-2: Foul Ball, location: 2F 1-2: Ball 2-2: Ground out 5-3 (Groundball, 5S, EV 63.8 MPH) Matt Sybrant scores Berthold Frey to second
|
|
Batting: RHB Scott Lister
|
0-0: Swinging Strike 0-1: Ball 1-1: Swinging Strike 1-2: Ball 2-2: Strikes out swinging
|
| Bottom of the 2nd over - 2 runs, 2 hits, 1 error, 1 left on base; Connecticut 1 - Vermont 2 |
| TOP OF THE 3RD |
|
Connecticut Tigers batting - Pitching for Vermont Lake Monsters : RHP Terry Evans
|
|
Batting: LHB Iestyn Peacock
|
0-0: Reached on error, E5 (Groundball, 5, EV 91.9 MPH)
|
|
Batting: RHB Seth Fox
|
0-0: Called Strike 0-1: Swinging Strike Passed Ball! Iestyn Peacock to second 0-2: Ground out U3 (Groundball, 3L, EV 99.4 MPH) Iestyn Peacock to third
|
|
Batting: RHB Tony Nunez
|
0-0: Ball 1-0: Called Strike 1-1: Ball 2-1: Ground out 1-3 (Groundball, 15, EV 59.4 MPH)
|
|
Batting: LHB Jon Pedlar
|
0-0: Ground out 4-3 (Groundball, 4S, EV 76.2 MPH)
|
| Top of the 3rd over - 0 runs, 0 hits, 1 error, 1 left on base; Connecticut 1 - Vermont 2 |
| BOTTOM OF THE 3RD |
|
Vermont Lake Monsters batting - Pitching for Connecticut Tigers : LHP Jim Belcher
|
|
Batting: RHB Tetsuya Shinoda
|
0-0: Hit by Pitch
|
|
Batting: RHB Ryan Jennings
|
0-0: Ball 1-0: Fielders Choice at 2nd, 5-4 (Groundball, 56, EV 81.9 MPH)
|
|
Batting: RHB Todd Vanasco
|
0-0: Foul Ball, location: 2F 0-1: Reached on error, E1 (Groundball, 15S, EV 61.2 MPH) Ryan Jennings to second
|
|
Batting: SHB Mike Kirk
|
0-0: Foul Ball, location: 2F 0-1: Foul Ball, location: 2F 0-2: Foul Ball, location: 2F 0-2: Reached on error, E6 (Groundball, 6S, EV 81.2 MPH) Ryan Jennings to third Todd Vanasco to second
|
|
Batting: LHB Felipe Gomez
|
0-0: Ball 1-0: Ball 2-0: Ball 3-0: Called Strike 3-1: Called Strike 3-2: Fly out, F8 (Flyball, 78M, EV 92.5 MPH) Runner from 3rd tags up, OUT at HOME! 8-2
|
| Bottom of the 3rd over - 0 runs, 0 hits, 2 errors, 2 left on base; Connecticut 1 - Vermont 2 |
| TOP OF THE 4TH |
|
Connecticut Tigers batting - Pitching for Vermont Lake Monsters : RHP Terry Evans
|
|
Batting: SHB Ronnie Lundy
|
0-0: Fly out, F8 (Flyball, 78D, EV 96.2 MPH)
|
|
Batting: RHB Yaremka Rzhevsky
|
0-0: Ball 1-0: Ball 2-0: Ground out 5-3 (Groundball, 56S, EV 60.6 MPH)
|
|
Batting: LHB Ryan Adams
|
0-0: Swinging Strike 0-1: Called Strike 0-2: Strikes out swinging
|
| Top of the 4th over - 0 runs, 0 hits, 0 errors, 0 left on base; Connecticut 1 - Vermont 2 |
| BOTTOM OF THE 4TH |
|
Vermont Lake Monsters batting - Pitching for Connecticut Tigers : LHP Jim Belcher
|
|
Batting: SHB Matt Sybrant
|
0-0: Ball 1-0: Called Strike 1-1: Ball 2-1: Ground out 5-3 (Groundball, 56S, EV 93.1 MPH)
|
|
Batting: SHB Berthold Frey
|
0-0: Ball 1-0: Ball 2-0: Ground out 4-3 (Groundball, 4, EV 95.6 MPH)
|
|
Batting: RHB Alberto Malagon
|
0-0: Ball 1-0: Ball 2-0: Ground out 5-3 (Groundball, 56S, EV 68.1 MPH)
|
| Bottom of the 4th over - 0 runs, 0 hits, 0 errors, 0 left on base; Connecticut 1 - Vermont 2 |
| TOP OF THE 5TH |
|
Connecticut Tigers batting - Pitching for Vermont Lake Monsters : RHP Terry Evans
|
|
Batting: SHB Isaiah Bias
|
0-0: Foul Ball, location: 2F 0-1: Foul Ball, location: 2F 0-2: Ball 1-2: Ball 2-2: Ball 3-2: Foul Ball, location: 2F 3-2: Foul Ball, location: 2F 3-2: Base on Balls
|
|
Batting: RHB Dustin Bursell
|
|
|
Pinch Hitting: LHB Glen Boyle
|
0-0: Swinging Strike 0-1: Called Strike 0-2: Ball 1-2: Strikes out swinging
|
|
Pitching: RHP Pedro Taveras
|
|
|
Batting: LHB Iestyn Peacock
|
0-0: Ball 1-0: SINGLE (Groundball, 4MS, EV 73.8 MPH) (infield hit) Isaiah Bias to second
|
|
Batting: RHB Seth Fox
|
0-0: Called Strike 0-1: Ball 1-1: Foul Ball, location: 2F 1-2: Strikes out swinging
|
|
Batting: RHB Tony Nunez
|
0-0: Called Strike 0-1: SINGLE (Groundball, 4M, EV 107.5 MPH) (infield hit) Isaiah Bias to third Iestyn Peacock to second
|
|
Batting: LHB Jon Pedlar
|
0-0: Called Strike 0-1: Fly out, F8 (Line Drive, 89M, EV 102.5 MPH)
|
| Top of the 5th over - 0 runs, 2 hits, 0 errors, 3 left on base; Connecticut 1 - Vermont 2 |
| BOTTOM OF THE 5TH |
|
Vermont Lake Monsters batting - Pitching for Connecticut Tigers : LHP Jim Belcher
|
|
Now at 2B: Brandon Everett
|
|
|
Now at SS: Yaremka Rzhevsky
|
|
|
Batting: RHB Scott Lister
|
0-0: Ball 1-0: Ball 2-0: Swinging Strike 2-1: Ball 3-1: Base on Balls
|
|
Batting: RHB Tetsuya Shinoda
|
0-0: Ball 1-0: Called Strike 1-1: Called Strike 1-2: Foul Ball, location: 2F 1-2: Grounds into double play, 4-6-3 (Groundball, 4S, EV 87.5 MPH)
|
|
Batting: RHB Ryan Jennings
|
0-0: Ball 1-0: Fly out, F4 (Popup, 34D, EV 50.6 MPH)
|
| Bottom of the 5th over - 0 runs, 0 hits, 0 errors, 0 left on base; Connecticut 1 - Vermont 2 |
| TOP OF THE 6TH |
|
Connecticut Tigers batting - Pitching for Vermont Lake Monsters : RHP Pedro Taveras
|
|
Batting: SHB Ronnie Lundy
|
0-0: Fly out, F7 (Flyball, 78D, EV 101.2 MPH)
|
|
Batting: RHB Yaremka Rzhevsky
|
0-0: Ball 1-0: Ball 2-0: Foul Ball, location: 2F 2-1: Swinging Strike 2-2: Strikes out swinging
|
|
Batting: LHB Ryan Adams
|
0-0: Called Strike 0-1: Ball 1-1: Called Strike 1-2: Strikes out swinging
|
| Top of the 6th over - 0 runs, 0 hits, 0 errors, 0 left on base; Connecticut 1 - Vermont 2 |
| BOTTOM OF THE 6TH |
|
Vermont Lake Monsters batting - Pitching for Connecticut Tigers : LHP Jim Belcher
|
|
Pitching: LHP Jayden Carey
|
|
|
Batting: RHB Todd Vanasco
|
0-0: Ball 1-0: Swinging Strike 1-1: Ball 2-1: Ball 3-1: Swinging Strike 3-2: Strikes out looking
|
|
Batting: SHB Mike Kirk
|
0-0: Ball 1-0: Called Strike 1-1: Foul Ball, location: 2F 1-2: Ball 2-2: Fly out, F8 (Flyball, 89XD, EV 98.8 MPH)
|
|
Batting: LHB Felipe Gomez
|
0-0: Swinging Strike 0-1: Foul Ball, location: 2F 0-2: Ball 1-2: Foul Ball, location: 2F 1-2: Ball 2-2: SINGLE (Flyball, 8LS, EV 90.0 MPH)
|
|
Batting: SHB Matt Sybrant
|
0-0: Ball Felipe Gomez is caught stealing 2nd base 2-4
|
| Bottom of the 6th over - 0 runs, 1 hit, 0 errors, 0 left on base; Connecticut 1 - Vermont 2 |
| TOP OF THE 7TH |
|
Connecticut Tigers batting - Pitching for Vermont Lake Monsters : RHP Pedro Taveras
|
|
Batting: SHB Isaiah Bias
|
0-0: Ball 1-0: Ball 2-0: Foul Ball, location: 2F 2-1: Called Strike 2-2: Ball 3-2: Fly out, F8 (Flyball, 8LD, EV 85.0 MPH)
|
|
Batting: RHB Brandon Everett
|
0-0: Called Strike 0-1: Foul Ball, location: 2F 0-2: SOLO HOME RUN (Flyball, 7D, EV 103.1 MPH), Distance : 386 ft
|
|
Batting: LHB Iestyn Peacock
|
0-0: Ball 1-0: Ball 2-0: Fly out, F7 (Flyball, 78D, EV 105.6 MPH)
|
|
Batting: RHB Seth Fox
|
0-0: Called Strike 0-1: Swinging Strike 0-2: Ball 1-2: Strikes out swinging
|
| Top of the 7th over - 1 run, 1 hit, 0 errors, 0 left on base; Connecticut 2 - Vermont 2 |
| BOTTOM OF THE 7TH |
|
Vermont Lake Monsters batting - Pitching for Connecticut Tigers : LHP Jayden Carey
|
|
Pitching: RHP Rich Nunez
|
|
|
Batting: SHB Matt Sybrant
|
0-0: Ball 1-0: Fly out, F4 (Popup, 34S, EV 77.5 MPH)
|
|
Batting: SHB Berthold Frey
|
0-0: Ball 1-0: Called Strike 1-1: SINGLE (Groundball, 34S, EV 60.6 MPH) (infield hit)
|
|
Pinch Hitting: LHB Brian Puccio
|
0-0: Called Strike 0-1: Ball 1-1: Swinging Strike 1-2: Foul Ball, location: 2F 1-2: Ball 2-2: Ball 3-2: Strikes out swinging
|
|
Batting: RHB Scott Lister
|
0-0: Called Strike Berthold Frey is caught stealing 2nd base 2-4
|
| Bottom of the 7th over - 0 runs, 1 hit, 0 errors, 0 left on base; Connecticut 2 - Vermont 2 |
| TOP OF THE 8TH |
|
Connecticut Tigers batting - Pitching for Vermont Lake Monsters : RHP Pedro Taveras
|
|
Pitching: LHP Hector Perdomo
|
|
|
Now at 3B: Amare Brown
|
|
|
Batting: RHB Tony Nunez
|
0-0: Called Strike 0-1: Ball 1-1: Ball 2-1: DOUBLE (Flyball, 78D, EV 101.9 MPH)
|
|
Batting: RHB Willie Ochoa
|
0-0: Called Strike 0-1: Called Strike 0-2: Strikes out swinging
|
|
Batting: SHB Ronnie Lundy
|
0-0: Ball 1-0: Ball 2-0: Called Strike 2-1: Called Strike 2-2: Foul Ball, location: 2F 2-2: Fly out, F8 (Flyball, 89D, EV 93.8 MPH) Runner from 2nd tags up, OUT at 3rd! 8-5
|
| Top of the 8th over - 0 runs, 1 hit, 0 errors, 0 left on base; Connecticut 2 - Vermont 2 |
| BOTTOM OF THE 8TH |
|
Vermont Lake Monsters batting - Pitching for Connecticut Tigers : RHP Rich Nunez
|
|
Batting: RHB Scott Lister
|
0-0: Ball 1-0: Ball 2-0: Foul Ball, location: 2F 2-1: Ball 3-1: Base on Balls
|
|
Batting: RHB Tetsuya Shinoda
|
0-0: Called Strike 0-1: Ball 1-1: Called Strike 1-2: Fly out, F8 (Line Drive, 8RM, EV 90.6 MPH)
|
|
Batting: RHB Ryan Jennings
|
0-0: Ball Scott Lister steals 2nd, throwing error, E2 Scott Lister to third 1-0: Foul Ball, location: 2F 1-1: Foul Ball, location: 2F 1-2: Ball 2-2: Ball 3-2: Foul Ball, location: 2F 3-2: Strikes out looking
|
|
Pitching: LHP Satoru Mori
|
|
|
Batting: RHB Todd Vanasco
|
0-0: Called Strike 0-1: Foul Ball, location: 2F 0-2: Foul Ball, location: 2F 0-2: Foul Ball, location: 2F 0-2: Strikes out swinging
|
| Bottom of the 8th over - 0 runs, 0 hits, 1 error, 1 left on base; Connecticut 2 - Vermont 2 |
| TOP OF THE 9TH |
|
Connecticut Tigers batting - Pitching for Vermont Lake Monsters : LHP Hector Perdomo
|
|
Batting: RHB Yaremka Rzhevsky
|
0-0: Ball 1-0: Called Strike 1-1: Ball 2-1: Foul Ball, location: 2F 2-2: Strikes out looking
|
|
Batting: LHB Ryan Adams
|
0-0: Called Strike 0-1: Ball 1-1: Ball 2-1: Ground out U3 (Groundball, 3, EV 110.0 MPH)
|
|
Batting: SHB Isaiah Bias
|
0-0: Ground out 4-3 (Groundball, 4, EV 108.1 MPH)
|
| Top of the 9th over - 0 runs, 0 hits, 0 errors, 0 left on base; Connecticut 2 - Vermont 2 |
| BOTTOM OF THE 9TH |
|
Vermont Lake Monsters batting - Pitching for Connecticut Tigers : LHP Satoru Mori
|
|
Batting: SHB Mike Kirk
|
0-0: Ball 1-0: Ball 2-0: Foul Ball, location: 2F 2-1: Foul Ball, location: 2F 2-2: Strikes out swinging
|
|
Pinch Hitting: RHB Jon Coleman
|
0-0: Ball 1-0: Ball 2-0: SINGLE (Line Drive, 5D, EV 103.1 MPH)
|
|
Batting: SHB Matt Sybrant
|
0-0: Ball 1-0: Ball 2-0: Ball 3-0: Called Strike 3-1: Foul Ball, location: 2F 3-2: Strikes out looking
|
|
Batting: RHB Shi-xian Da
|
0-0: Called Strike 0-1: Ball 1-1: Ground out U3 (Groundball, 3, EV 109.4 MPH)
|
| Bottom of the 9th over - 0 runs, 1 hit, 0 errors, 1 left on base; Connecticut 2 - Vermont 2 |
| TOP OF THE 10TH |
|
Connecticut Tigers batting - Pitching for Vermont Lake Monsters : LHP Hector Perdomo
|
|
Pitching: RHP Bobby Feig
|
|
|
Now in LF: Ricardo Claros
|
|
|
Batting: RHB Brandon Everett
|
0-0: Ball 1-0: Foul Ball, location: 2F 1-1: SINGLE (Line Drive, 34, EV 108.1 MPH)
|
|
Batting: LHB Iestyn Peacock
|
0-0: Sac Bunt to 15S - play at first, batter OUT! 1-3 Brandon Everett to second
|
|
Pinch Hitting: LHB Steve Herrera
|
0-0: Ball 1-0: Ground out 6-3 (Groundball, 6, EV 84.4 MPH)
|
|
Batting: RHB Tony Nunez
|
0-0: Ball 1-0: Called Strike 1-1: Foul Ball, location: 2F 1-2: SINGLE (Line Drive, 6M, EV 94.4 MPH) Brandon Everett to third
|
|
Batting: RHB Willie Ochoa
|
0-0: Ground out U3 (Groundball, 3L, EV 93.1 MPH)
|
| Top of the 10th over - 0 runs, 2 hits, 0 errors, 2 left on base; Connecticut 2 - Vermont 2 |
| BOTTOM OF THE 10TH |
|
Vermont Lake Monsters batting - Pitching for Connecticut Tigers : LHP Satoru Mori
|
|
Pitching: LHP Victor Villarreal
|
|
|
Now in CF: Iestyn Peacock
|
|
|
Now in RF: Isao Fukui
|
|
|
Batting: RHB Amare Brown
|
0-0: SINGLE (Line Drive, 56, EV 111.2 MPH)
|
|
Batting: RHB Scott Lister
|
0-0: Ball 1-0: Ball 2-0: Called Strike 2-1: Ball 3-1: Fly out, F8 (Flyball, 89S, EV 96.2 MPH)
|
|
Batting: RHB Tetsuya Shinoda
|
0-0: SINGLE (Groundball, 56D, EV 110.6 MPH) Amare Brown to second
|
|
Batting: RHB Ryan Jennings
|
0-0: Called Strike 0-1: Hit by Pitch Amare Brown to third Tetsuya Shinoda to second
|
|
Batting: RHB Todd Vanasco
|
0-0: Called Strike 0-1: Ball 1-1: Ball 2-1: Ball 3-1: Base on Balls Amare Brown scores Tetsuya Shinoda to third Ryan Jennings to second
|
| Bottom of the 10th over - 1 run, 2 hits, 0 errors, 3 left on base; Connecticut 2 - Vermont 3 |
|